 Seeded DCSS version 0.31-a0-1616-gbeaec30b81 (webtiles) character file.

Game seed: 3603154671130160029 (custom seed)

1202 voltaire321 the Sneak (level 8, -1/48 HPs)
             Began as a Kobold Earth Elementalist on Jan 10, 2024.
             Slain by a gnoll sergeant
             ... wielding a +5 spear of venom
              (7 damage)
             ... on level 6 of the Dungeon.
             The game lasted 00:16:44 (7554 turns).

voltaire321 the Sneak (Kobold Earth Elementalist)   Turns: 7554, Time: 00:16:45

Health: -1/48      AC:  7    Str:  7    XL:     8   Next: 73%
Magic:  14/14      EV: 16    Int: 16    God:
Gold:   220        SH:  0    Dex: 16    Spells: 8/15 levels left

rFire   + . .        n - +4 dagger (venom)
rCold   + . .        (no shield)
rNeg    . . .        C - +1 leather armour {rC+}
rPois   +            o - +0 helmet
rElec   .            E - +0 cloak
rCorr   .            (no gloves)
SInv    .            a - +0 pair of boots
Will    .....        A - amulet of magic regeneration
Stlth   ++++         e - ring of poison resistance
HPRegen 0.28/turn    D - ring of protection from fire
MPRegen 0.54/turn

%: no passive effects
@: no status effects
A: small, no large weapons, nightstalker 3
a: no special abilities


You were on level 6 of the Dungeon.
You visited 2 branches of the dungeon, and saw 8 of its levels.

You collected 220 gold pieces.

Inventory:

Hand Weapons
 n - a +4 dagger of venom (weapon)
 B - a +1 rapier of venom
Missiles
 y - 2 throwing nets
Armour
 a - a +0 pair of boots (worn)
 o - a +0 helmet (worn)
 C - a +1 leather armour of cold resistance (worn)
 E - a +0 cloak (worn)
Jewellery
 e - a ring of poison resistance (left hand)
 i - a ring of flight
 A - an amulet of magic regeneration (around neck)
 D - a ring of protection from fire (right hand)
Scrolls
 g - 2 scrolls of acquirement {unknown}
 h - a scroll of fear {unknown}
 l - 3 scrolls of teleportation {unknown}
 m - 2 scrolls of enchant armour {unknown}
 r - 2 scrolls of enchant weapon {unknown}
 s - a scroll of noise {unknown}
 t - 2 scrolls of identify {unknown}
 u - a scroll of poison {unknown}
 w - a scroll of revelation {unknown}
 x - a scroll of blinking {unknown}
Potions
 b - 2 potions of magic
 c - a potion of lignification {unknown}
 d - a potion of invisibility {unknown}
 f - a potion of curing
 j - a potion of brilliance {unknown}
 k - a potion of resistance {unknown}
 p - a potion of heal wounds {unknown}
 q - 2 potions of might {unknown}
 v - 2 potions of attraction {unknown}
 z - 2 potions of mutation {unknown}
 F - 2 potions of degeneration {unknown}


   Skills:
 + Level 3.8 Fighting
 + Level 3.0 Short Blades
 + Level 2.8 Armour
 + Level 4.9 Dodging
 + Level 5.5 Stealth
 + Level 4.0 Spellcasting
 + Level 3.5 Conjurations
 + Level 4.5 Earth Magic


You had 8 spell levels left.
You knew the following spells:

 Your Spells              Type           Power      Damage    Failure   Level
a - Sandblast             Erth           34%        2d9       3%          1
b - Passwall              Erth           17%        N/A       12%         3
c - Stone Arrow           Conj/Erth      32%        3d9       14%         3

Your spell library contained the following spells:

 Spells                   Type           Power      Damage    Failure   Level
 Kiss of Death            Conj/Necr      32%        2d7       12%         1
 Brom's Barrelling Bould  Conj/Erth      16%        2d4       43%         4
 Confusing Touch          Hex            3%         N/A       58%         3
 Petrify                  Alch/Erth      10%        N/A       67%         4
 Dispel Undead            Necr           3%         3d7       94%         4
 Vhi's Electric Charge    Tloc/Air       6%         N/A       94%         4
 Arcjolt                  Conj/Air       4%         1d14      97%         5
 Plasma Beam              Fire/Air       1%         2x1d11    100%        6


Dungeon Overview and Level Annotations

Branches:
Dungeon (7/15)             Temple (1/1) D:4

Altars:
Ashenzari
Cheibriados
Dithmenos
Elyvilon
Fedhas
Gozag
Hepliaklqana
Kikubaaqudgha
Makhleb
Nemelex Xobeh
Qazlal
Ru
Sif Muna
Trog
Yredelemnul
Zin
The Shining One

Shops:
D:3 :   D:6 *


Innate Abilities, Weirdness & Mutations

You are small and have problems with some larger weapons.
You are completely attuned to the shadows.


Message History

The gnoll is severely wounded.
The gnoll shouts!
Aiming: Sandblast (safe; 3% risk of failure)
Press: ? - help, Q - select action, (/) - cycle Shift-Dir - straight line, f/p - gnoll
Aim: a gnoll, wielding a +0 spear (severely wounded, 84% to hit)
The blast of sand hits the gnoll!
You kill the gnoll!
Things that are here:
a +0 spear; a gnoll corpse
Aiming: Sandblast (safe; 3% risk of failure)
Press: ? - help, Q - select action, (/) - cycle Shift-Dir - straight line, f - gnoll sergeant
Aim: a gnoll sergeant, wielding a +5 spear of venom and wearing a +0 ring mail (wandering, hasn't noticed you, 87% to hit)
The blast of sand hits the gnoll sergeant but does no damage.
The gnoll sergeant shouts!
Aiming: Sandblast (safe; 3% risk of failure)
Press: ? - help, Q - select action, (/) - cycle Shift-Dir - straight line, f/p - gnoll sergeant
Aim: a gnoll sergeant, wielding a +5 spear of venom and wearing a +0 ring mail (87% to hit)
The blast of sand hits the gnoll sergeant but does no damage.
The gnoll sergeant hits you from afar with a +5 spear of venom!
You are poisoned.
Aiming: Sandblast (safe; 3% risk of failure)
Press: ? - help, Q - select action, (/) - cycle Shift-Dir - straight line, f/p - gnoll sergeant
Aim: a gnoll sergeant, wielding a +5 spear of venom and wearing a +0 ring mail (87% to hit)
The blast of sand misses the gnoll sergeant.
You feel very sick.
The gnoll sergeant hits you from afar with a +5 spear of venom.
You feel very sick.
You feel sick.
You feel better.
The gnoll sergeant completely misses you.
The gnoll sergeant hits you from afar with a +5 spear of venom!
The gnoll sergeant attacks as it pursues you!
The gnoll sergeant misses you.
You see here a +0 hand axe.
The gnoll sergeant attacks as it pursues you!
The gnoll sergeant hits you from afar with a +5 spear of venom!
* * * LOW HITPOINT WARNING * * *
There is a stone staircase leading up here.
The gnoll sergeant hits you from afar with a +5 spear of venom!
You die...

............##......#............
###.........##......#............
# #.........##......#............
###.........#########)...).......
...................##............
....###.#........................
......#.#.............)..........
..................g.>...)........
.....).......[..@...#............
###..............................
.##......).......................
.##..............................
.##..............................
.##................∩#............
.###................#............
........^...........#............
....................#............


You could see a gnoll sergeant.

Vanquished Creatures
  An ice beast (D:6)
  A sky beast (D:7)
  A centaur (D:7)
  5 phantoms
  A kobold brigand (D:7)
  2 hounds (D:5)
  2 jellies (D:5)
  Crazy Yiuf (D:7)
  A sleepcap (D:4)
  2 iguanas (D:5)
  An orc wizard (D:4)
  Robin (D:2)
  6 gnolls
  5 adders
  A white imp (D:5)
  3 dart slugs
  3 ribbon worms
  11 orcs
  5 bats
  9 endoplasms
  2 giant cockroaches
  16 goblins
  12 hobgoblins
  4 quokkas
  5 ball pythons
  4 frilled lizards
  8 kobolds
  3 rats
116 creatures vanquished.

Vanquished Creatures (others)
  An orc wizard (D:4)
1 creature vanquished.

Grand Total: 117 creatures vanquished

Notes
Turn   | Place    | Note
-------+----------+-------------------------------------------
     0 | D:1      | voltaire321 the Kobold Earth Elementalist began the quest
                  | for the Orb.
     0 | D:1      | Reached XP level 1. HP: 10/10 MP: 3/3
   348 | D:1      | Reached XP level 2. HP: 16/16 MP: 3/5
  1041 | D:2      | Reached XP level 3. HP: 20/20 MP: 4/6
  1281 | D:2      | Learned a level 3 spell: Passwall
  1376 | D:2      | Reached skill level 3 in Stealth
  1585 | D:2      | Reached skill level 1 in Fighting
  1668 | D:2      | Reached XP level 4. HP: 25/25 MP: 3/7
  1730 | D:2      | Reached skill level 1 in Armour
  1774 | D:2      | Found a faded altar of an unknown god.
  1906 | D:2      | Noticed Robin
  1913 | D:2      | Killed Robin
  2518 | D:3      | Reached XP level 5. HP: 29/29 MP: 9/9
  3126 | D:3      | Found Esaik's Vocational Training.
  3750 | D:4      | Found a staircase to the Ecumenical Temple.
  3757 | Temple   | Entered the Ecumenical Temple
  3867 | D:4      | Reached XP level 6. HP: 29/35 MP: 6/10
  4301 | D:4      | Learned a level 3 spell: Stone Arrow
  4316 | D:5      | Entered Level 5 of the Dungeon
  4353 | D:5      | Reached skill level 4 in Stealth
  4651 | D:5      | Reached XP level 7. HP: 40/40 MP: 11/11
  5244 | D:5      | Reached skill level 1 in Short Blades
  6307 | D:7      | Reached skill level 5 in Stealth
  6307 | D:7      | Reached XP level 8. HP: 40/46 MP: 11/13
  6588 | D:7      | Found a runed translucent door.
  6591 | D:7      | Noticed Crazy Yiuf
  6598 | D:7      | Killed Crazy Yiuf
  7370 | D:6      | Found Nec Cee's Assorted Antiques.
  7554 | D:6      | Slain by a gnoll sergeant

Illustrated notes

Levels and vault maps discovered:
D:1:      dpeg_arrival_shelter, layout_basic, chequers_mini_garden,
          feat_on_display
D:2:      layout_basic, hellmonk_ecumenical_altar_slurped_away, uniq_robin
D:3:      layout_loops_ring, grunt_ministairs_14, nicolae_shop_vocational
D:4:      layout_basic, minmay_temple_entry_crystal_x
D:5:      layout_rooms, skrybe_limestone_x, dreamdust_mushroom_princess,
          chequers_serial_rivers_small_a
D:6:      layout_basic, serial_shops, shop
D:7:      layout_gridville, hangedman_decor_peaks_small, lemuel_flame_loot_1,
          uniq_crazy_yiuf_cottage
Temple:   nicolae_temple_bog_church

Skill      XL: |  1  2  3  4  5  6  7  8 |
---------------+-------------------------+-----
Stealth        | 3 4 5 |  5.5
Fighting       | 1 2 3 |  3.8
Dodging        | 3 4 |  4.9
Armour         | 1 2 |  2.8
Conjurations   | 2 3 |  3.5
Spellcasting   | 3 4 |  4.0
Short Blades   | 2 3 |  3.0
Earth Magic    | 4 |  4.5

Action                     |  1- 3 |  4- 6 |  7- 9 || total
---------------------------+-------+-------+-------++-------
  Melee: Short sword       |    23 |    14 |       ||    37
         Unarmed           |     1 |       |       ||     1
         Dagger            |       |   108 |    65 ||   173
         Punch             |       |     1 |       ||     1
   Cast: Sandblast         |    44 |    39 |    71 ||   154
    Use: Potion            |       |     2 |     2 ||     4
   Stab: Sleeping          |     3 |    11 |     1 ||    15
 Armour: Leather armour    |     6 |       |    60 ||    66
         Ring mail         |    13 |    84 |    21 ||   118
  Dodge: Dodged            |    20 |    72 |    79 ||   171

Table legend: (Time is in decaauts)
 A = Elapsed time spent in this place.
 B = Non-inter-level travel time spent in this place.
 C = Inter-level travel time spent in this place.
 D = Time resting spent in this place.
 E = Time spent auto-exploring this place.
 F = Levels seen in this place.
 G = Mean time per level.
                   A        B        C        D        E       F      G
               +--------+--------+--------+--------+--------+-----+--------+
         Total |   7626 |   7427 |    199 |   2178 |   3915 |   8 |  953.2 |
       Dungeon |   7584 |   7400 |    184 |   2178 |   3915 |   7 | 1083.4 |
        Temple |     42 |     27 |     15 |      0 |      0 |   1 |   42.0 |
               +--------+--------+--------+--------+--------+-----+--------+

Top non-repeatable levels by time:
     D:2: 1342 daAuts
     D:4: 1325 daAuts
     D:7: 1229 daAuts
     D:1: 1006 daAuts
     D:3: 954 daAuts
     D:6: 938 daAuts
     D:5: 786 daAuts
  Temple: 42 daAuts
